 Dungeon Crawl Stone Soup version 0.28.0-53-g5a82cb258f (webtiles) character file.

Game seed: 8360876558474322565

161 blargh the Covered (level 5, -5/41 HPs)
             Began as a Human Fighter on Aug 18, 2022.
             Slain by Sigmund
             ... wielding a +0 scythe
              (8 damage)
             ... on level 3 of the Dungeon.
             The game lasted 00:17:59 (2941 turns).

blargh the Covered (Human Fighter)                  Turns: 2941, Time: 00:18:00

Health: -5/41      AC:  9    Str: 18    XL:     5   Next: 70%
Magic:  5/5        EV:  9    Int:  8    God:
Gold:   62         SH:  5    Dex: 13    Spells: 4/4 levels left

rFire   . . .      SeeInvis .   a - +0 war axe
rCold   . . .      Faith    .   c - +0 buckler
rNeg    . . .      Spirit   .   b - +0 scale mail
rPois   .          Reflect  .   (no helmet)
rElec   .          Harm     .   (no cloak)
rCorr   .          Rampage  .   (no gloves)
Will    .....                   (no boots)
Stlth   ..........              (no amulet)
HPRegen 0.13/turn               (no ring)
MPRegen 0.09/turn               (no ring)

@: invisible
A: iridescent scales 1, subdued magic 1, devolution 1
a: no special abilities


You were on level 3 of the Dungeon.
You visited 1 branch of the dungeon, and saw 3 of its levels.

You collected 62 gold pieces.

Inventory:

Hand Weapons
 a - a +0 war axe (weapon)
 f - a +0 dagger
 i - a +0 dagger
 j - a +0 club
 k - a +0 dagger
 l - a +0 whip
 m - a +0 dagger
 o - a +0 club
 t - a +0 rapier
 v - a +0 club
 x - a +0 dagger
 y - a +0 short sword
 z - a +0 whip
Missiles
 g - 50 stones (quivered)
Armour
 b - a +0 scale mail (worn)
 c - a +0 buckler (worn)
 e - a +0 leather armour
 q - a +0 leather armour
 s - a +0 leather armour
 w - a +0 robe
 A - a +0 chain mail
Scrolls
 n - a scroll of immolation {unknown}
 p - a scroll of fear {unknown}
Potions
 d - a potion of might


   Skills:
 + Level 3.6 Fighting
 + Level 3.6 Axes
 + Level 0.8 Throwing
 + Level 3.7 Armour
 + Level 0.9 Dodging
 + Level 0.5 Stealth
 + Level 3.3 Shields


You had 4 spell levels left.
You didn't know any spells.
Your spell library was empty.

Dungeon Overview and Level Annotations

Branches:
Dungeon (3/15)

Altars:
Trog

Annotations:
D:3 Sigmund


Innate Abilities, Weirdness & Mutations

You are partially covered in iridescent scales. (AC +2)
Your spells are a little easier to cast, but a little less powerful.
You have hidden genetic defects.


Message History

You block the bat's attack. x2; Something hits you but does no damage.
It was a potion of mutation.
You feel extremely strange.
Your connection to magic feels subdued.
You feel a hidden malignance growing inside you.
Iridescent scales grow over part of your body.
You block the bat's attack.
You hit the bat.
The bat is heavily wounded.
The bat hits you but does no damage. You block the bat's attack.
Something hits you but does no damage. The bat hits you but does no damage.
You slash the bat!
You kill the bat!
Sigmund is nearby!
Sigmund screams, "Only death can liberate you!"
Sigmund points at you and mumbles some strange words.
You are confused.
You're too confused to move!
Sigmund says, "Look into my eyes."
Sigmund barely misses you.
You feel less confused.
Sigmund is nearby!
Sigmund barely misses you. Sigmund hits you but does no damage.
You slash Sigmund!
Sigmund is moderately wounded.
Sigmund closely misses you.
You catch the helpless Sigmund completely off-guard!
You hit Sigmund.
Sigmund is heavily wounded.
Sigmund hits you but does no damage.
Sigmund casts a spell at something.
Sigmund points at something and mumbles some strange words.
You barely miss Sigmund.
Sigmund is heavily wounded.
Sigmund hits you with a +0 scythe.
* * * LOW HITPOINT WARNING * * *
You slash Sigmund!
Sigmund is severely wounded.
Sigmund hits you with a +0 scythe!
You die...

#.# #†# # #.# ###'######## #
##### #.# #..........# #
#...####.# #..........# #
+...'....# #..........# #
#...########..........# #
#...##.....'..........# #
#...##....##..........####
+...'....@''..........'...
#...##...@##..........####
#...##....##..........#
##...##................#
............#..........#
.............#..........#
...######.###.#..........####
... #.# #.#..........'... #.#
#.#..........####


You could see Sigmund.

Vanquished Creatures
  Jessica (D:2)
  Natasha (thrice) (D:2)
  2 adders (D:2)
  3 dart slugs
  3 ball pythons (D:1)
  2 bats
  4 endoplasms
  A giant cockroach (D:2)
  4 goblins
  4 hobgoblins
  2 quokkas
  2 frilled lizards
  5 kobolds
  A rat (D:2)
37 creatures vanquished.

Notes
Turn   | Place    | Note
-------+----------+-------------------------------------------
     0 | D:1      | blargh the Human Fighter began the quest for the Orb.
     0 | D:1      | Reached XP level 1. HP: 18/18 MP: 1/1
   500 | D:1      | Reached XP level 2. HP: 16/24 MP: 2/2
  1240 | D:1      | Reached XP level 3. HP: 20/29 MP: 3/3
  1288 | D:2      | Noticed Natasha
  1297 | D:2      | Killed Natasha
  1312 | D:2      | Reached XP level 4. HP: 20/35 MP: 4/4
  1893 | D:2      | Found a bloodstained altar of Trog.
  2231 | D:2      | Noticed Natasha
  2242 | D:2      | Killed Natasha
  2255 | D:2      | Found a faded altar of an unknown god.
  2264 | D:2      | Reached XP level 5. HP: 30/41 MP: 5/5
  2265 | D:2      | Noticed Natasha
  2276 | D:2      | Killed Natasha
  2489 | D:2      | Noticed Jessica
  2493 | D:2      | Killed Jessica
  2885 | D:3      | Noticed Sigmund
  2907 | D:3      | HP: 2/41 [something/puff of flame (4)]
  2911 | D:3      | Gained mutation: Your spells are a little easier to cast,
                  | but a little less powerful. [potion of mutation]
  2911 | D:3      | Gained mutation: You have hidden genetic defects. [potion
                  | of mutation]
  2911 | D:3      | Gained mutation: You are partially covered in iridescent
                  | scales. (AC +2) [potion of mutation]
  2941 | D:3      | Slain by Sigmund

Illustrated notes

Levels and vault maps discovered:
D:1:      psy_arrival_radial01, layout_loops_corners, serial_glass,
          glass_columns_b, glass_columns_c
D:2:      layout_loops_cross, basic_altar, ebering_ecumenical_altar_mist,
          nrook_mini_backslash, hangedman_decor_peaks_small,
          kennysheep_generic_room_3, uniq_natasha, uniq_jessica
D:3:      layout_basic, chequers_decorated_corner,
          chequers_serial_rivers_large_b, minivault_23, kennysheep_another_room,
          uniq_sigmund

Skill      XL: |  1  2  3  4 |
---------------+-------------+-----
Axes           | 3 |  3.6
Fighting       | |  3.6
Throwing       | |  0.8
Armour         | |  3.7
Dodging        | |  0.9
Stealth        | |  0.5
Shields        | |  3.3

Action                   |  1- 3 |  4- 6 || total
-------------------------+-------+-------++-------
Melee: War axe           |    59 |    63 ||   122
Throw: Stone             |    16 |       ||    16
  Use: Scroll            |     1 |     1 ||     2
       Potion            |       |     3 ||     3
 Stab: Invisible         |       |     1 ||     1
Armor: Scale mail        |    45 |    42 ||    87
Dodge: Dodged            |    30 |    28 ||    58
Block: Buckler           |    18 |    24 ||    42
